 Dungeon Crawl Stone Soup version 0.31-a0-190-g4feb4907b2 (webtiles) character file.

Game seed: 15770346491843243036

151 qw the Skirmisher (level 5, -1/29 HPs)
             Began as a Deep Elf Hunter on June 23, 2023.
             Slain by a kobold brigand
             ... wielding a +0 dagger
              (5 damage)
             ... in a sewer.
             The game lasted 00:00:54 (2133 turns).

qw the Skirmisher (Deep Elf Hunter)                 Turns: 2133, Time: 00:00:54

Health: -1/29      AC:  7    Str: 10    XL:     5   Next: 10%
Magic:  7/7        EV:  9    Int: 14    God:
Gold:   125        SH:  0    Dex: 18    Spells: 4/4 levels left

rFire   . . .        Y - +0 shortbow
rCold   . . .        (shield currently unavailable)
rNeg    . . .        f - +0 scale mail
rPois   .            (no helmet)
rElec   .            (no cloak)
rCorr   .            (no gloves)
SInv    .            d - +0 pair of boots
Will    .....        i - amulet of regeneration
Stlth   +            (no ring)
HPRegen 1.04/turn    (no ring)
MPRegen 0.10/turn

%: no passive effects
@: about to teleport
A: no striking features
a: no special abilities


You were in a sewer.
You visited 1 branch of the dungeon, and saw 3 of its levels.
You also visited: Sewer.

You collected 125 gold pieces.


   Skills:
 - Level 1.5 Fighting
 + Level 8.5 Ranged Weapons
 - Level 2.4 Dodging
 - Level 1.2 Stealth


You had 4 spell levels left.
You didn't know any spells.
Your spell library was empty.

Inventory:

Hand Weapons
 Y - a +0 shortbow (weapon)
Armour
 d - a +0 pair of boots (worn)
 f - a +0 scale mail (worn)
Jewellery
 i - an amulet of regeneration (around neck)
Scrolls
 e - a scroll of identify
 j - a scroll of blinking {unknown}
Potions
 a - a potion of invisibility {unknown}
 b - 2 potions of mutation {unknown}
 c - a potion of haste
 g - a potion of curing {unknown}
 k - a potion of brilliance {unknown}
 l - a potion of magic {unknown}

Dungeon Overview and Level Annotations

Branches:
Dungeon (3/15)              Sewer (1/1)

Altars:
Xom


Message History

The kobold brigand hits you with a +0 dagger.
The kobold brigand hits you but does no damage.
You shoot an arrow.
The arrow hits the kobold brigand but does no damage.
The kobold brigand is almost dead.
The kobold brigand completely misses you.
You shoot an arrow.
The arrow barely misses the kobold brigand.
The kobold brigand hits you with a +0 dagger.
You shoot an arrow. The arrow hits the kobold brigand.
The kobold brigand is almost dead.
The kobold brigand hits you with a +0 dagger!
You shoot an arrow.
The arrow hits the kobold brigand but does no damage.
The kobold brigand is almost dead.
The kobold brigand barely misses you.
The kobold brigand hits you but does no damage.
You shoot an arrow.
The arrow hits the kobold brigand but does no damage.
The kobold brigand is almost dead.
The kobold brigand hits you with a +0 dagger.
You shoot an arrow.
The arrow barely misses the kobold brigand.
The kobold brigand barely misses you.
You shoot an arrow.
The arrow hits the kobold brigand but does no damage.
The kobold brigand is almost dead.
The kobold brigand hits you with a +0 dagger.
The kobold brigand hits you but does no damage.
You shoot an arrow.
The arrow barely misses the kobold brigand.
The kobold brigand hits you with a +0 dagger!
2132 ||| READING scroll of teleportation.
As you read the scroll of teleportation, it crumbles to dust.
You feel strangely unstable.
The kobold brigand hits you with a +0 dagger.
You shoot an arrow.
The arrow barely misses the kobold brigand.
The kobold brigand hits you with a +0 dagger.
You die...

#.\..))~....~~~~~~...~
#....#~~~.~~P~~P~~..~~
##############~#######
~~~~~~~~~~~~~~~~~
~~~~~~~~~~~~~~~~~~
~~~~~~~~~~~~~~~~~~
######~##########~~~~#
#..?.#~P~~...P~P%~~~~~
#.\.K@~~~~...~~~P~~~~~
#....'~~.~.......~~~P.
#....#.P..............
######P.....##........
##########...#...
#...#... #####..# #


You could see a kobold brigand.

Vanquished Creatures
  A kobold brigand (Sewer)
  An adder (D:2)
  A river rat (D:3)
  4 dart slugs
  A worm (D:2)
  6 bats
  A giant cockroach (D:2)
  4 goblins
  5 hobgoblins
  7 jackals
  4 ball pythons
  A frilled lizard (D:2)
  10 kobolds
  5 rats (D:2)
51 creatures vanquished.

Notes
Turn   | Place    | Note
-------+----------+-------------------------------------------
     0 | D:1      | qw the Deep Elf Hunter began the quest for the Orb.
     0 | D:1      | Reached XP level 1. HP: 12/12 MP: 3/3
     0 | D:1      | 0 ||| qw: Version: 0.3-a-9-g12657ce
     0 | D:1      | 0 ||| qw: Game counter: 4493
     0 | D:1      | 0 ||| qw: Always use a shield: true
     0 | D:1      | 0 ||| qw: God list: Okawaru
     0 | D:1      | 0 ||| qw: Allow faded altars: false
     0 | D:1      | 0 ||| qw: Do Orc after D:15 true
     0 | D:1      | 0 ||| qw: Do second Lair branch before Depths: true
     0 | D:1      | 0 ||| qw: Lair rune preference: random
     0 | D:1      | 0 ||| qw: Plans: Normal
     0 | D:1      | 0 ||| PLANNING D:1-11
   158 | D:1      | Reached XP level 2. HP: 9/16 MP: 4/4
   196 | D:1      | Reached skill level 6 in Ranged Weapons
   235 | D:1      | 235 ||| FLEEEEING.
   236 | D:1      | 236 ||| FLEEEEING.
   237 | D:1      | 237 ||| FLEEEEING.
   764 | D:1      | 764 ||| UPGRADING to +0 scale mail.
   774 | D:1      | 774 ||| DROPPING +0 leather armour.
   775 | D:1      | 775 ||| READING scroll labelled GIH FIEMOVIACS.
   780 | D:1      | 780 ||| READING 2 scrolls labelled NEHAAS LOCAT.
   781 | D:1      | 781 ||| READING scroll labelled POUMODAUKH.
   782 | D:1      | 782 ||| READING scroll labelled PEWKIN MULUO.
   783 | D:1      | 783 ||| READING scroll labelled UNAOTU VECZA.
   784 | D:1      | 784 ||| DROPPING scroll of butterflies.
   935 | D:2      | 935 ||| FLEEEEING.
   938 | D:2      | Reached XP level 3. HP: 19/20 MP: 5/5
  1047 | D:2      | HP: 5/20 [poisoned by an adder]
  1055 | D:2      | Reached skill level 7 in Ranged Weapons
  1745 | D:2      | Found a shimmering altar of Xom.
  1852 | D:2      | 1852 ||| UPGRADING to +0 pair of boots.
  1857 | D:2      | 1857 ||| DROPPING amulet of magic regeneration.
  1858 | D:2      | 1858 ||| UPGRADING to amulet of regeneration.
  1863 | D:2      | 1863 ||| READING scroll labelled OGYCA YZENN.
  1864 | D:2      | 1864 ||| READING scroll labelled HOWUFEMMAF.
  1865 | D:2      | 1865 ||| DRINKING 2 bubbling pink potions.
  1896 | D:3      | 1896 ||| PLANNING SEWER
  1927 | D:3      | Found a glowing drain.
  1931 | D:3      | 1931 ||| FLEEEEING.
  1932 | D:3      | 1932 ||| FLEEEEING.
  1933 | D:3      | 1933 ||| FLEEEEING.
  1959 | D:3      | Reached XP level 4. HP: 25/25 MP: 6/6
  1965 | Sewer    | Entered a sewer
  2035 | Sewer    | Noticed a kobold brigand
  2049 | Sewer    | Killed a kobold brigand
  2050 | Sewer    | Reached skill level 8 in Ranged Weapons
  2050 | Sewer    | Reached XP level 5. HP: 23/29 MP: 7/7
  2106 | Sewer    | 2106 ||| Stepping ~*~*~tactically~*~*~ (water).
  2131 | Sewer    | HP: 2/29 [kobold brigand/+0 dagger (8)]
  2132 | Sewer    | 2132 ||| READING scroll of teleportation.
  2133 | Sewer    | Slain by a kobold brigand

Levels and vault maps discovered:
D:1:      reono_arrival_forest_river, layout_basic
D:2:      layout_basic, basic_altar
D:3:      layout_loops_cross, vehumet_altar_wand_db, portal_sewer_entry_a,
          shapermc_ecumenical_altar_mp_ritualfount,
          hellmonk_ghost_happy_afterlife, hangedman_decor_diamond_cutter,
          minmay_gold_behind_fungi, serial_bayou_lagoon_a, uniq_robin,
          uniq_natasha, uniq_grinder
Sewer:    kennysheep_pipe_town

Skill      XL: |  1  2  3  4 |
---------------+-------------+-----
Ranged Weapons | 6 7 8 |  8.5
Fighting       | |  1.5
Dodging        | |  2.4
Stealth        | |  1.2

Action                     |  1- 3 |  4- 6 || total
---------------------------+-------+-------++-------
   Fire: Shortbow          |   135 |    63 ||   198
    Use: Scroll            |     7 |     1 ||     8
         Potion            |     1 |       ||     1
 Armour: Scale mail        |    35 |    45 ||    80
  Dodge: Dodged            |    38 |    31 ||    69

Table legend:
 A = Non-vault XP
 B = Vault XP
 C = Vault XP percentage of total XP
 D = Non-vault monster count
 E = Vault monster count
 F = Vault count percentage of total count
                 A         B        C        D         E       F
            +---------+---------+-------+---------+---------+-------
      Total |      90 |     126 |  58.3 |      40 |      11 |  21.6
            +---------+---------+-------+---------+---------+-------
        D:1 |      30 |       0 |   0.0 |      13 |       0 |   0.0
        D:2 |      54 |       0 |   0.0 |      25 |       0 |   0.0
        D:3 |       6 |      13 |  68.4 |       2 |       1 |  33.3
      Sewer |       0 |     113 | 100.0 |       0 |      10 | 100.0
            +---------+---------+-------+---------+---------+-------
